Map: Old Estate

Players

Infamous

  • Race: Protoss Protoss
  • League: Silver
  • Spawn Location: 3:00

scullhammer

  • Race: Zerg Zerg
  • Spawn Location: 3:00

reddit

  • Race: Terran Terran
  • Spawn Location: 1:00

Tryst

  • Race: Terran Terran
  • Spawn Location: 1:00

PJDragon - Winner!

  • Race: Terran Terran
  • Spawn Location: 7:00

TheDudeChris - Winner!

  • Race: Terran Terran
  • League: Silver
  • Spawn Location: 7:00

EderChaleMx - Winner!

  • Race: Terran Terran
  • League: Gold
  • Spawn Location: 7:00

Simon - Winner!

  • Race: Zerg Zerg
  • Spawn Location: 9:00

VOD

Have the link to the VOD?

Description

Time

  • Played on: March 21, 2018, 8:45 p.m.
  • Length: 6:59
Show
View Real Time Build Order
Export as new Build Order

Infamous Protoss 

Build Orders:  

Get SALT Encoding   

  12  0:01  Probe  
  13  0:15  Probe  
  14  0:21  Pylon  
  14  0:28  Probe (Chrono Boost)  
  15  0:40  Probe (Chrono Boost)  
Show
View Real Time Build Order
Export as new Build Order

scullhammer Zerg 

Build Orders:  

Get SALT Encoding   

  12  0:04  Drone  
Show
View Real Time Build Order
Export as new Build Order

reddit Terran 

Build Orders:  

Get SALT Encoding   

  12  0:48  SCV  
Show
View Real Time Build Order
Export as new Build Order

Tryst Terran 

Build Orders:  

Get SALT Encoding   

Show
View Real Time Build Order
Export as new Build Order

PJDragon Terran - Winner!

Build Orders: Command Center First (CC) 

Get SALT Encoding   

  12  0:30  SCV  
  13  0:42  SCV  
  14  4:56  SCV  
  15  5:00  Supply Depot  
  15  5:04  Refinery  
  15  5:07  Refinery  
  15  5:12  Supply Depot  
  15  5:26  Command Center  
  15  5:34  SCV  
  15  5:35  Barracks  
  16  5:40  Supply Depot  
  16  5:46  SCV  
  17  6:03  Barracks  
  17  6:04  SCV  
  18  6:13  Command Center  
  18  6:16  SCV  
  19  6:23  Barracks  
  19  6:25  Barracks Tech Lab  
  19  6:32  SCV  
  20  6:33  Supply Depot  
Show
View Real Time Build Order
Export as new Build Order

TheDudeChris Terran - Winner!

Build Orders:  

Get SALT Encoding   

Show
View Real Time Build Order
Export as new Build Order

EderChaleMx Terran - Winner!

Build Orders: MMM Bio 

Get SALT Encoding   

  12  0:02  SCV  
  13  0:14  SCV  
  14  0:20  Supply Depot  
  14  0:26  SCV  
  15  0:31  Refinery  
  15  0:43  SCV  
  15  0:49  Barracks  
  16  0:55  SCV  
  17  1:07  SCV  
  18  1:11  Barracks  
  18  1:19  SCV  
  19  1:27  Barracks  
  19  1:31  SCV  
  20  1:47  Barracks  
  20  1:48  SCV  
  20  1:53  Barracks Tech Lab  
  21  2:00  SCV  
  22  2:01  Barracks Reactor  
  22  2:13  SCV  
  22  2:14  Supply Depot  
  23  2:17  Barracks Tech Lab  
  23  2:29  Engineering Bay  
  23  2:32  Refinery  
  23  2:35  SCV  
  25  2:39  Barracks Reactor  
  25  2:43  Marine  
  25  2:44  Marine  
  25  2:45  Marine  
  27  2:54  Orbital Command  
  27  3:03  Supply Depot  
  27  3:07  Stimpack  
  27  3:13  Combat Shields  
  27  3:17  Marine  
  27  3:19  Marine  
  29  3:22  Marine  
  29  3:25  Marine  
  31  3:28  Marine  
  31  3:31  Marine  
  33  3:35  Marine  
  34  3:41  Terran Infantry Weapons Level 1  
  34  3:58  Marine  
  35  4:11  Command Center  
  35  4:28  Marine x4  
  39  4:43  Factory  
  39  4:51  Supply Depot  
  39  5:02  Engineering Bay  
  39  5:12  Marine x2, SCV  
  42  5:21  Marine x4  
  42  5:24  SCV  
  47  5:29  Factory Tech Lab  
  47  5:30  Marine, Marauder  
  47  5:33  Starport  
  50  5:45  SCV x2  
  50  5:48  Marauder  
  54  5:54  Marine x3  
  57  6:12  Marine x2  
  57  6:13  Marine x3  
  62  6:37  Supply Depot  
  62  6:39  Supply Depot  
  62  6:40  Supply Depot  
Show
View Real Time Build Order
Export as new Build Order

Simon Zerg - Winner!

Build Orders: Hatch First 

Get SALT Encoding   

  12  0:04  Drone  
  13  0:15  Overlord  
  13  0:18  Drone  
  14  0:26  Extractor  
  13  0:29  Drone  
  13  0:34  Drone  
  15  1:13  Hatchery  
  14  1:20  Drone x2  
  14  1:21  Drone  
  17  1:30  Spawning Pool  
  16  1:37  Drone  
  17  1:46  Extractor  
  16  1:48  Drone  
  17  2:11  Drone x2  
  19  2:21  Hatchery  
  19  2:22  Spine Crawler  
  17  2:26  Spine Crawler  
  16  2:33  Spine Crawler  
  15  2:37  Drone  
  15  2:40  Drone  
  17  2:45  Drone  
  17  2:49  Drone  
  19  3:01  Drone x2  
  21  3:08  Lair  
  21  3:34  Zergling x6  
  24  3:43  Zergling x4  
  24  3:44  Zergling x2  
  27  3:48  Zergling x2  
  27  3:49  Zergling x2  
  29  4:15  Zergling x6  
  29  4:16  Zergling x2  
  33  4:24  Overlord x2  
  33  4:42  Queen  
  35  4:48  Zergling x6  
  38  4:57  Zergling x4  
  38  4:58  Zergling x8  
  44  5:17  Queen  
  45  5:28  Zergling x2  
  45  5:29  Zergling x4  
  45  5:33  Metabolic Boost  
  48  5:43  Zergling x4  
  48  5:44  Overlord x3  
  48  5:45  Overlord  
  50  6:02  Queen  
Tags
 
Add a new tag
Caveats
  • Supply blocks, unpowered buildings, or Contaminate may cause inaccurate times.
  • Supply counts are checked every 10 seconds.